 Dungeon Crawl Stone Soup version 0.25.1-2-g60ff931df9 (webtiles) character file.

Game seed: 4569691651562523229

110 diana the Slasher (level 4, -1/36 HPs)
             Began as a Demonspawn Gladiator on Sept 13, 2020.
             Succumbed to a worker ant's poison
             ... on level 4 of the Dungeon.
             The game lasted 00:02:26 (1616 turns).

diana the Slasher (Demonspawn Gladiator)            Turns: 1616, Time: 00:02:27

Health: -1/36      AC:  6    Str: 15    XL:     4   Next: 61%
Magic:  4/4        EV: 12    Int: 10    God:
Gold:   102        SH:  0    Dex: 14    Spells: 3/3 levels left

rFire    . . .     SeeInvis .   a - +0 long sword
rCold    . . .     Gourm    .   (no shield)
rNeg     . . .     Faith    .   b - +0 leather armour
rPois    .         Spirit   .   c - +0 helmet
rElec    .         Reflect  .   (no cloak)
rCorr    .         Harm     .   i - +0 pair of gloves
MR       .....                  (no boots)
Stlth    +.........             (no amulet)
HPRegen  0.12/turn              (no ring)
MPRegen  0.09/turn              (no ring)

@: lethally poisoned (-1 -> -25)
A: claws 1, rugged brown scales 1
a: no special abilities


You were on level 4 of the Dungeon.
You were not hungry.

You visited 1 branch of the dungeon, and saw 3 of its levels.

You collected 102 gold pieces.

Inventory:

Hand Weapons
 a - a +0 long sword (weapon)
Missiles
 d - 3 throwing nets (quivered)
Armour
 b - a +0 leather armour (worn)
 c - a +0 helmet (worn)
 i - a +0 pair of gloves (worn)
Scrolls
 j - 2 scrolls of identify {unknown}
 l - a scroll of random uselessness {unknown}
 m - a scroll of teleportation {unknown}
 n - a scroll of noise {unknown}
 o - a scroll of blinking {unknown}
Potions
 e - 2 potions of flight {unknown}
 g - 2 potions of heal wounds {unknown}
 h - 3 potions of might {unknown}
 k - a potion of invisibility {unknown}
 p - a potion of mutation {unknown}
 r - a potion of lignification {unknown}
Comestibles
 f - 3 rations
 q - 2 chunks of flesh


   Skills:
 + Level 3.2 Fighting
 + Level 3.6 Long Blades
 - Level 1.7 Throwing
 + Level 2.0 Armour
 - Level 2.6 Dodging


You had 3 spell levels left.
You didn't know any spells.
Your spell library was empty.

Dungeon Overview and Level Annotations

Branches:
Dungeon (2/15)

Altars:


Innate Abilities, Weirdness & Mutations

You have sharp fingernails.
You are partially covered in rugged brown scales. (AC +1, +3% HP)


Message History

The worker ant bites you.
* * * LOW HITPOINT WARNING * * *
You are more poisoned.
The worker ant poisons you!
The jackal barks!
You hit the worker ant but do no damage.
The worker ant is severely wounded.
* * * LOW HITPOINT WARNING * * *
You feel very sick.
The worker ant bites you but does no damage.
Unknown command.
You hit the worker ant.
You kill the worker ant!
Your Armour skill increases to level 2!
* * * LOW HITPOINT WARNING * * *
You feel sick.
Unknown command.
* * * LOW HITPOINT WARNING * * *
You feel very sick.
You die...

#........# ....#
#........# ....
#........######'#
#...............#
######.........h#
#..........+
#..........#
#..........###
#.........@..#
##########...#
#...# #...# #...#
#.... #.....
#......


You could see a jackal.

Vanquished Creatures
  Jessica (D:2)
  A worker ant (D:4)
  4 adders (D:2)
  A leopard gecko (D:1)
  A ball python (D:2)
  4 goblins
  5 hobgoblins
  4 kobolds
  A bat (D:1)
  A frilled lizard (D:2)
  5 rats
  A toadstool (D:1)
29 creatures vanquished.

Vanquished Creatures (others)
  3 toadstools (D:1)
3 creatures vanquished.

Grand Total: 32 creatures vanquished

Notes
Turn   | Place    | Note
-------+----------+-------------------------------------------
     0 | D:1      | diana the Demonspawn Gladiator began the quest for the Orb.
     0 | D:1      | Reached XP level 1. HP: 16/16 MP: 1/1
   394 | D:1      | Gained mutation: You have sharp fingernails. [demonic
                  | ancestry]
   394 | D:1      | Reached XP level 2. HP: 22/22 MP: 2/2
   755 | D:2      | Reached skill level 1 in Armour
   759 | D:2      | Reached XP level 3. HP: 28/28 MP: 3/3
  1431 | D:2      | Noticed Jessica
  1444 | D:2      | Killed Jessica
  1444 | D:2      | Gained mutation: You are partially covered in rugged brown
                  | scales. (AC +1, +3% HP) [demonic ancestry]
  1444 | D:2      | Reached XP level 4. HP: 21/36 MP: 4/4
  1593 | D:2      | You fall into a shaft and drop 2 floors!
  1615 | D:4      | HP: 1/36 [poisoned by a worker ant]
  1616 | D:4      | Succumbed to a worker ant's poison

Illustrated notes

Levels and vault maps discovered:
D:1:      ldierk_water_garden, layout_basic
D:2:      layout_loops_corners, first_ration, uniq_jessica
D:4:      layout_basic, vehumet_altar_wand_db, serial_shops, shop,
          gup_sewer_entry_pipe, uniq_pikel

Skill      XL: |  1  2  3  4 |
---------------+-------------+-----
Long Blades    | 3 |  3.6
Armour         | 1 2 |  2.0
Fighting       | 3 |  3.2
Throwing       | |  1.7
Dodging        | |  2.6

Action                   |  1- 3 |  4- 6 || total
-------------------------+-------+-------++-------
Melee: Long sword        |    86 |     8 ||    94
 Stab: Sleeping          |     1 |       ||     1
  Eat: Chunk             |     2 |       ||     2
Armor: Leather armour    |    22 |     2 ||    24
Dodge: Dodged            |    65 |     3 ||    68
       Rpst.: Long sword |    27 |     2 ||    29
